 Dungeon Crawl Stone Soup version 0.29.1-12-g30fa7ad0bf (webtiles) character file.

Game seed: 7415815320120143406

6842 LustLizard the Skirmisher (level 10, -3/53 HPs)
             Began as a Spriggan Hunter on Dec 26, 2022.
             Was a Priest of Dithmenos.
             Slain by a killer bee (8 damage)
             ... while paralysed by a hornet
             ... on level 8 of the Dungeon.
             The game lasted 00:20:03 (10209 turns).

LustLizard the Skirmisher (Spriggan Hunter)        Turns: 10209, Time: 00:20:04

Health: -3/53      AC: 10    Str:  7    XL:     10   Next: 78%
Magic:  14/14      EV:  4    Int: 10    God:    Dithmenos [***...]
Gold:   552        SH:  0    Dex: 24    Spells: 9/9 levels left

rFire   . . .      SeeInvis +   F - +0 shortbow (freeze)
rCold   . . .      Faith    .   (shield currently unavailable)
rNeg    . . .      Spirit   .   D - +0 acid dragon scales
rPois   .          Reflect  +   (helmet restricted)
rElec   .          Harm     .   (no cloak)
rCorr   +          Rampage  .   (gloves unavailable)
Will    +....                   (boots unavailable)
Stlth   +++++.....              l - amulet of reflection
HPRegen 0.17/turn               n - +4 ring of protection
MPRegen 0.14/turn               s - +4 ring of evasion

@: paralysed, lethally poisoned (-3 -> -33), slowed, wreathed by umbra, very
quick
A: very small, no large weapons, unfitting armour, see invisible, speed 3
a: Renounce Religion, Shadow Step


You were on level 8 of the Dungeon.
You worshipped Dithmenos.
Dithmenos was most pleased with you.
You visited 1 branch of the dungeon, and saw 9 of its levels.

You collected 552 gold pieces.

Inventory:

Hand Weapons
 a - a +0 shortbow
 F - a +0 shortbow of freezing (weapon)
Armour
 c - a +1 robe
 C - a +2 robe of positive energy
 D - +0 acid dragon scales (worn)
Jewellery
 l - an amulet of reflection (around neck)
 n - a +4 ring of protection (left hand)
 p - a ring of protection from fire
 s - a +4 ring of evasion (right hand)
Wands
 A - a wand of roots (12)
 E - a wand of polymorph (11)
Scrolls
 b - 4 scrolls of immolation
 d - 3 scrolls of teleportation
 e - 2 scrolls of fear {unknown}
 f - a scroll of butterflies {unknown}
 g - 2 scrolls of amnesia {unknown}
 i - a scroll of enchant weapon {unknown}
 m - 3 scrolls of enchant armour
 o - 2 scrolls of magic mapping {unknown}
 r - a scroll of summoning {unknown}
 t - 2 scrolls of vulnerability {unknown}
 u - 2 scrolls of poison {unknown}
 y - 2 scrolls of noise {unknown}
Potions
 h - 2 potions of attraction
 j - 2 potions of lignification
 k - 2 potions of berserk rage
 q - 2 potions of magic
 v - a potion of mutation
 w - 2 potions of might
 x - 2 potions of curing
 z - a potion of ambrosia {unknown}
 B - 2 potions of heal wounds


   Skills:
 + Level 6.2 Fighting
 * Level 12.7 Ranged Weapons
 + Level 8.4 Dodging
 - Level 7.2 Stealth
 - Level 4.0 Invocations


You had 9 spell levels left.
You didn't know any spells.
Your spell library contained the following spells:

 Spells                   Type           Power      Damage    Failure   Level
 Summon Small Mammal      Summ           0%         N/A       58%         1
 Call Canine Familiar     Summ           0%         N/A       91%         3
 Dazzling Flash           Conj/Hex       0%         N/A       91%         3
 Ignite Poison            Fire/Tmut/Pois 0%         N/A       91%         3
 Inner Flame              Hex/Fire       0%         N/A       91%         3
 Summon Guardian Golem    Hex/Summ       0%         N/A       91%         3
 Anguish                  Hex/Necr       0%         N/A       100%        4
 Cause Fear               Hex            0%         N/A       100%        4
 Olgreb's Toxic Radiance  Pois           0%         N/A       100%        4
 Alistair's Intoxication  Tmut/Pois      0%         N/A       100%        5
 Enfeeble                 Hex            0%         N/A       100%        7
 Discord                  Hex            0%         N/A       100%        8


Dungeon Overview and Level Annotations

Branches:
Dungeon (9/15)             Temple (0/1) D:4
   Lair: D:8-11         Orc: D:9-12

Altars:
Cheibriados
Dithmenos
Elyvilon
Fedhas
Makhleb
Okawaru
Vehumet
Xom
The Shining One

Shops:
D:1 :   D:5 =

Annotations:
D:7 1 runed translucent door
D:8 Gastronok


Innate Abilities, Weirdness & Mutations

You are very small and have problems with some larger weapons.
You are too small for most types of armour.
You have supernaturally acute eyesight. (SInv)
You cover ground extremely quickly. (Speed+++)


Message History

The hornet is heavily wounded.
The killer bee closely misses you.
The hornet stings you but does no damage.
The killer bee misses you.
You shoot an arrow. The arrow hits the hornet.
The arrow freezes the hornet.
The hornet is heavily wounded.
The killer bee barely misses you. The hornet completely misses you.
You block the killer bee's attack. The hornet completely misses you.
You shoot an arrow. The arrow completely misses the hornet.
The killer bee stings you but does no damage.
You block the hornet's attack. The killer bee completely misses you.
You shoot an arrow.
The arrow hits the hornet but does no damage.
The hornet is heavily wounded.
The hornet misses you. The killer bee completely misses you.
The hornet stings you!
You are poisoned.
You suddenly lose the ability to move!
The killer bee stings you but does no damage.
You feel very sick. The killer bee stings you. The hornet stings you.
You feel yourself slow down. The killer bee stings you.
You are more poisoned.
The killer bee poisons you!
You feel very sick. The hornet stings you!
* * * LOW HITPOINT WARNING * * *
You are lethally poisoned!
You feel as though you will be slow longer.
The killer bee stings you but does no damage.
The hornet stings you.
* * * LOW HITPOINT WARNING * * *
You are more poisoned.
You feel as though you will be slow longer.
The killer bee stings you but does no damage.
* * * LOW HITPOINT WARNING * * *
You feel extremely sick.
The killer bee stings you but does no damage.
The hornet barely misses you. The killer bee stings you!
You die...

.#...###..###### ###..........
##'#####..###..# #.......#####
'..............# #.......#
#..............# #.......#
#..............# #.......#
#######.####.########..>..<.#####
....###.####'###.##.##...........
....#....#....#......#...........
....'....'....#y@....#...........
....#....#....#y.....#...........
....###'###..##..##..##'#####....
#######.#######..##.)##.....#....
#...........[[..............'....
#...............)...........#....
#............[)).....##.....#^...
#....######..##......##.....#....
#....##..##..##......#......#....


You could see a hornet and a killer bee.

Vanquished Creatures
  A two-headed ogre (D:7)
  Erica (D:8)
  Maggie (D:8)
  A troll (D:9)
  Prince Ribbit (D:8)
  2 yaks
  A water moccasin (D:7)
  An orc warrior (D:7)
  A sky beast (D:8)
  2 black bears
  3 ice beasts (D:5)
  4 ogres
  2 centaurs
  A kobold brigand (D:7)
  3 necrophages
  2 bullfrogs
  A gnoll sergeant (D:4)
  3 scorpions
  10 wights
  18 killer bees
  6 howler monkeys
  2 jellies
  6 hounds
  5 orc priests
  3 gnoll boudas
  6 iguanas
  11 orc wizards
  16 gnolls
  7 adders
  An ufetubus (D:4)
  3 worms
  3 dart slugs
  42 orcs
  7 bats
  8 endoplasms
  3 giant cockroaches
  6 goblins
  5 hobgoblins
  4 jackals (D:2)
  3 quokkas
  13 ball pythons
  A frilled lizard (D:2)
  12 kobolds
232 creatures vanquished.

Vanquished Creatures (others)
  An orc wizard (D:4)
1 creature vanquished.

Grand Total: 233 creatures vanquished

Notes
Turn   | Place    | Note
-------+----------+-------------------------------------------
     0 | D:1      | LustLizard the Spriggan Hunter began the quest for the Orb.
     0 | D:1      | Reached XP level 1. HP: 10/10 MP: 2/2
   104 | D:1      | Reached XP level 2. HP: 14/14 MP: 3/3
   332 | D:1      | Reached XP level 3. HP: 18/18 MP: 4/4
   335 | D:1      | Found Yrobof's Book Shop.
   748 | D:2      | Found a faded altar of an unknown god.
   845 | D:2      | Reached skill level 5 in Ranged Weapons
  1168 | D:2      | Reached XP level 4. HP: 22/22 MP: 5/5
  2062 | D:3      | Reached XP level 5. HP: 24/25 MP: 6/6
  2080 | D:3      | Reached skill level 6 in Ranged Weapons
  2080 | D:3      | Reached skill level 5 in Stealth
  2276 | D:3      | Reached XP level 6. HP: 21/30 MP: 7/7
  2400 | D:3      | Found a glowing golden altar of the Shining One.
  3054 | D:4      | Found an iron altar of Okawaru.
  3157 | D:4      | Found a shadowy altar of Dithmenos.
  3169 | D:4      | Became a worshipper of Dithmenos the Shadowed
  3343 | D:4      | Found a staircase to the Ecumenical Temple.
  3386 | D:4      | Reached skill level 7 in Ranged Weapons
  3450 | D:4      | Reached XP level 7. HP: 20/33 MP: 8/8
  3900 | D:4      | Found a blossoming altar of Fedhas.
  4001 | D:5      | Entered Level 5 of the Dungeon
  4016 | D:5      | Reached skill level 8 in Ranged Weapons
  4035 | D:5      | Reached skill level 1 in Invocations
  4277 | D:5      | Reached XP level 8. HP: 25/39 MP: 10/10
  4410 | D:5      | Found a snail-covered altar of Cheibriados.
  4431 | D:5      | Reached * piety under Dithmenos
  4542 | D:5      | Reached skill level 9 in Ranged Weapons
  4840 | D:5      | Found Gideag's Jewellery Shoppe.
  4923 | D:5      | Found a radiant altar of Vehumet.
  4970 | D:5      | Found a sparkling altar of Nemelex Xobeh.
  4973 | D:5      | Found a shimmering altar of Xom.
  4973 | D:5      | Found a white marble altar of Elyvilon.
  4975 | D:5      | Found a glowing golden altar of the Shining One.
  4975 | D:5      | Found a blossoming altar of Fedhas.
  4975 | D:5      | Found a radiant altar of Vehumet.
  5631 | D:6      | Reached XP level 9. HP: 45/45 MP: 12/12
  5753 | D:6      | Got the Catalogue of Viperous Charms
  5900 | D:6      | Reached skill level 10 in Ranged Weapons
  6497 | D:7      | Reached ** piety under Dithmenos
  7029 | D:7      | Reached skill level 5 in Dodging
  7043 | D:7      | Found a runed translucent door.
  7057 | D:7      | Found a burning altar of Makhleb.
  7057 | D:7      | Noticed a sixfirhy
  7111 | D:7      | Noticed a two-headed ogre
  7168 | D:7      | Killed a two-headed ogre
  7169 | D:7      | Reached skill level 11 in Ranged Weapons
  7206 | D:7      | Reached skill level 5 in Fighting
  7952 | D:7      | Reached XP level 10. HP: 48/51 MP: 14/14
  7995 | D:8      | Reached *** piety under Dithmenos
  8263 | D:8      | Noticed Prince Ribbit
  8299 | D:8      | Killed Prince Ribbit
  8434 | D:8      | Noticed Maggie
  8487 | D:8      | Noticed Erica
  8652 | D:8      | Killed Erica
  8766 | D:8      | Reached skill level 12 in Ranged Weapons
  8792 | D:8      | Killed Maggie
  8964 | D:8      | Noticed Gastronok
 10206 | D:8      | Paralysed by a hornet for 3 turns
 10209 | D:8      | Slain by a killer bee

Illustrated notes

Levels and vault maps discovered:
D:1:      wander_arrival_desolate, layout_basic, serial_shops,
          nicolae_square_shop
D:2:      layout_basic, chequers_ecumenical_altar_grove
D:3:      layout_loops_ring, tso_metal_star, serial_forest,
          infiniplex_forest_clump_diagonal, infiniplex_forest_clump_small,
          infiniplex_forest_lined_room_2, infiniplex_forest_lined_3_way,
          infiniplex_forest_clump_double, infiniplex_forest_pool
D:4:      layout_basic, fedhas_altar_4,
          mainiacjoe_overflow_concentric_impassable,
          grunt_dithmenos_smoke_and_mirrors, temple_statues,
          nicolae_figureground_sparkle
D:5:      layout_cave_pools, lemuel_coloured_pillars_altar, doesnt_xom_only_xom,
          mainiacjoe_overflow_brackets, serial_shops, nicolae_square_shop
D:6:      layout_loops_ring, minmay_holes, serial_bayou_pond_a,
          kennysheep_diamond
D:7:      layout_basic, nzn_makhleb_speed_demon
D:8:      layout_gridville, uniq_maggie, uniq_erica, uniq_gastronok,
          uniq_prince_ribbit1
D:9:      layout_cave_pools, kennysheep_boxes

Skill      XL: |  1  2  3  4  5  6  7  8  9 10 |
---------------+-------------------------------+-----
Stealth        | 2 3 4 5 6 7 |  7.2
Ranged Weapons | 5 6 7 8 9 11 12 | 12.7
Fighting       | 2 3 5 6 |  6.2
Invocations    | 2 3 4 |  4.0
Dodging        | 3 6 8 |  8.4

Action                   |  1- 3 |  4- 6 |  7- 9 | 10-12 || total
-------------------------+-------+-------+-------+-------++-------
 Fire: Shortbow          |   114 |   196 |   515 |   313 ||  1138
  Use: Scroll            |       |     4 |     5 |     2 ||    11
Armor: Robe              |     3 |     3 |    15 |    11 ||    32
       Acid dragon scale |       |       |       |    21 ||    21
Dodge: Dodged            |    41 |    48 |   229 |   259 ||   577
Block: Other             |     3 |    16 |    45 |    58 ||   122
       Reflection        |       |       |     1 |       ||     1
